 Dungeon Crawl Stone Soup version 0.24.1-8-ga250c9d538 (webtiles) character file.

Game seed: 2170207033461838062, levelgen mode: deterministic

200 Peloso the Skirmisher (level 5, -2/41 HPs)
             Began as a Demonspawn Fighter on May 8, 2020.
             Slain by Duvessa
             ... wielding a +0 short sword
              (5 damage)
             ... on level 4 of the Dungeon.
             The game lasted 00:05:58 (2958 turns).

Peloso the Skirmisher (Demonspawn Fighter)          Turns: 2958, Time: 00:05:58

Health: -2/41      AC: 13    Str: 17    XL:     5   Next: 48%
Magic:  0/5        EV:  4    Int:  9    God:
Gold:   204        SH:  9    Dex: 13    Spells: 4/4 levels left

rFire    . . .     SeeInvis .   a - +0 long sword
rCold    . . .     Gourm    .   c - +0 shield
rNeg     . . .     Faith    .   e - +0 chain mail
rPois    +         Spirit   +   (no helmet)
rElec    .         Reflect  .   (no cloak)
rCorr    .         Harm     .   (no gloves)
MR       .....                  (no boots)
Stlth    ..........             l - amulet of magic regeneration
HPRegen  0.13/turn              r - ring of poison resistance
MPRegen  0.43/turn              (no ring)

@: no status effects
A: iridescent scales 2, magic shield, magic regeneration
a: no special abilities


You were on level 4 of the Dungeon.
You were near starving.

You visited 1 branch of the dungeon, and saw 4 of its levels.

You collected 204 gold pieces.

Inventory:

Hand Weapons
 a - a +0 long sword (weapon)
Armour
 b - a +0 scale mail
 c - a +0 shield (worn)
 e - a +0 chain mail (worn)
Jewellery
 l - an amulet of magic regeneration (around neck)
 r - a ring of poison resistance (left hand)
 t - a +2 ring of protection {unknown}
 v - a +4 amulet of reflection {unknown}
Scrolls
 g - 2 scrolls of amnesia {unknown}
 h - 2 scrolls of immolation {unknown}
 i - 4 scrolls of magic mapping {unknown}
 j - 5 scrolls of identify {unknown}
 m - a scroll of teleportation {unknown}
 o - a scroll of fear {unknown}
 p - a scroll of enchant weapon {unknown}
 s - a scroll of remove curse {unknown}
 u - a scroll of enchant armour {unknown}
Potions
 d - a potion of might
 k - 3 potions of mutation {unknown}
 n - a potion of flight {unknown}
 q - 3 potions of curing
 w - a potion of cancellation {unknown}
 x - a potion of heal wounds {unknown}
Comestibles
 f - 4 rations


   Skills:
 + Level 3.6 Fighting
 + Level 3.3 Long Blades
 + Level 3.6 Armour
 + Level 0.2 Dodging
 + Level 3.6 Shields


You had 4 spell levels left.
You didn't know any spells.
Your spell library was empty.

Dungeon Overview and Level Annotations

Branches:
Dungeon (4/15)
 Temple: D:4-7

Altars:
Hepliaklqana
Sif Muna

Annotations:
D:4 Duvessa


Innate Abilities, Weirdness & Mutations

You are mostly covered in iridescent scales. (AC +4)
When hurt, damage is shared between your health and your magic reserves.
You regenerate magic rapidly.


Message History

Duvessa barely misses you.
An ogre comes into view. It is wielding a +0 giant club.
You block Duvessa's attack.
You closely miss Duvessa.
Duvessa is severely wounded.
You feel a little less mighty now.
The ogre shouts!
Duvessa hits you with a +0 short sword. Duvessa barely misses you.
You riposte.
You hit Duvessa.
Duvessa is severely wounded.
You slash Duvessa!
Duvessa is almost dead.
Duvessa hits you with a +0 short sword!
* * * LOW HITPOINT WARNING * * *
Duvessa hits you but does no damage.
Unknown command.
You hit Duvessa.
Duvessa is almost dead.
Duvessa hits you with a +0 short sword!
You die...

#### ... ........## ##### #..
.........## ##...###.#
#.........# ##.###.##.#
#O......... #.##
##.#.####.........# #.#
#................# #.##
#.#.###...e....# ##.###.##[#
#.@....##.# ##...#
#.#####........# ##.##
#.).......###### #.#
#######.### .. ##.## ##+## #.#
#...# ##...## #.# #..##
##.....## ###.# #.#.##
##.......## ##.#.#
####....####.........####....#


You could see Duvessa (berserk) and an ogre.

Vanquished Creatures
  Dowan (D:4)
  Ijyb (D:4)
  3 adders
  An ooze (D:1)
  3 worms
  2 dart slugs
  3 leopard geckos
  2 orcs (D:3)
  7 giant cockroaches
  10 goblins
  8 hobgoblins
  8 jackals
  8 bats
  6 frilled lizards
  A jackal skeleton (D:4)
  7 kobolds
  A quokka skeleton (D:4)
  6 rats
78 creatures vanquished.

Notes
Turn   | Place    | Note
-------+----------+-------------------------------------------
     0 | D:1      | Peloso the Demonspawn Fighter began the quest for the Orb.
     0 | D:1      | Reached XP level 1. HP: 18/18 MP: 1/1
   168 | D:1      | Gained mutation: You are partially covered in iridescent
                  | scales. (AC +2) [demonic ancestry]
   168 | D:1      | Reached XP level 2. HP: 16/24 MP: 2/2
   687 | D:1      | Gained mutation: You are mostly covered in iridescent
                  | scales. (AC +4) [demonic ancestry]
   687 | D:1      | Reached XP level 3. HP: 26/29 MP: 3/3
  1322 | D:2      | Found a hazy altar of Hepliaklqana.
  1462 | D:2      | Gained mutation: When hurt, damage is shared between your
                  | health and your magic reserves. [demonic ancestry]
  1462 | D:2      | Reached XP level 4. HP: 35/35 MP: 4/4
  1616 | D:2      | Found a shimmering blue altar of Sif Muna.
  2898 | D:4      | Noticed Ijyb
  2912 | D:4      | Noticed Dowan
  2914 | D:4      | Paralysed by Ijyb for 4 turns
  2922 | D:4      | Paralysed by Ijyb for 3 turns
  2927 | D:4      | Killed Ijyb
  2927 | D:4      | Gained mutation: You regenerate magic rapidly. [demonic
                  | ancestry]
  2927 | D:4      | Reached XP level 5. HP: 34/41 MP: 5/5
  2941 | D:4      | Killed Dowan
  2949 | D:4      | Noticed Duvessa
  2955 | D:4      | Noticed an ogre
  2958 | D:4      | Slain by Duvessa

Levels and vault maps discovered:
D:1:      minmay_arrival_pointy, layout_basic, minmay_tromino_i2
D:2:      layout_loops_ring, lemuel_crystal_altar, lemuel_doored_altar,
          kennysheep_generic_room_3
D:3:      layout_loops_corners, first_ration, bh_walls_and_bars
D:4:      kennysheep_goblin_castle, layout_loops_corners, ebering_ghost_sewer_f,
          minmay_quadrilaterals, uniq_sigmund, uniq_ijyb, uniq_blork_the_orc,
          uniq_duvessa

Skill      XL: |  1  2  3  4 |
---------------+-------------+-----
Shields        | 3 |  3.6
Long Blades    | 2 3 |  3.3
Armour         | 3 |  3.6
Fighting       | |  3.6
Dodging        | |  0.2

Action                   |  1- 3 |  4- 6 || total
-------------------------+-------+-------++-------
Melee: Long sword        |   187 |   211 ||   398
  Use: Potion            |     1 |     1 ||     2
  Eat: Chunk             |     2 |     4 ||     6
Armor: Chain mail        |   120 |   153 ||   273
Dodge: Dodged            |    32 |    42 ||    74
Block: Shield            |    89 |   116 ||   205
       Rpst.: Long sword |     6 |    11 ||    17
